 Dungeon Crawl Stone Soup version 0.32-a0-86-g8db1b9f803 (webtiles) character file.

Game seed: 11199339466118153502

1 Esekla the Sneak (level 1, 4/16 HPs)
             Began as an Octopode Delver on Feb 5, 2024.
             Quit the game on level 4 of the Dungeon.
             The game lasted 00:00:31 (25 turns).

Esekla the Sneak (Octopode Delver)                    Turns: 25, Time: 00:00:32

Health: 4/16       AC:  1    Str: 11    XL:     1   Next: 20%
Magic:  1/1        EV: 13    Int: 12    God:
Gold:   13         SH:  0    Dex: 13    Spells: 0/0 levels left

rFire   . . .        a - +0 falchion
rCold   . . .        (no shield)
rNeg    . . .        (helmet restricted)
rPois   .            (no amulet)
rElec   .            (no ring)
rCorr   .            (no ring)
SInv    .            (no ring)
Will    .....        (no ring)
Stlth   ++++         (no ring)
HPRegen 0.22/turn    (no ring)
MPRegen 0.07/turn    (no ring)
                     (no ring)

%: no passive effects
@: no status effects
A: almost no armour, amphibious, 8 rings, camouflage 1, gelatinous body 1,
(nimble swimmer 1), tentacles
a: no special abilities


You were on level 4 of the Dungeon.
You visited 1 branch of the dungeon, and saw 2 of its levels.

You collected 13 gold pieces.

Inventory:

Hand Weapons
 a - a +0 falchion (weapon)
Wands
 f - a wand of digging (3)
Scrolls
 b - a scroll of fog
 d - a scroll of fear
Potions
 e - a potion of haste


   Skills:
 + Level 3.0 Fighting
 + Level 2.0 Long Blades
 + Level 2.0 Dodging
 + Level 6.6 Stealth


You couldn't memorise any spells.
You didn't know any spells.
Your spell library contained the following spells:

 Spells                   Type           Power      Damage    Failure   Level
 Sting                    Conj/Alch      0%         1d3       32%         1
 Mercury Vapours          Alch/Air       0%         N/A       45%         2
 Olgreb's Toxic Radiance  Alch           0%         N/A       97%         4


Dungeon Overview and Level Annotations

Branches:
Dungeon (5/15)
 Temple: D:4-7

Altars:


Innate Abilities, Weirdness & Mutations

You cannot wear most types of armour.
You are amphibious.
You can wear up to eight rings at the same time.
Your skin changes colour to match your surroundings (Stealth+).
Your rubbery body absorbs attacks. (AC +1, EV +1)
((You are camouflaged when in or above water. (Stealth+)))
You have tentacles for arms and can constrict up to eight enemies at once.


Message History

Found a scroll labelled XYONEECR LIDGH.
You now have 13 gold pieces.
A killer bee comes into view.
Found a clear potion.
Found an escape hatch in the ceiling.
A jackal comes into view.
The jackal barks!
You hear an angry buzzing noise.
A jackal comes into view. x2
You see here a Young Poisoner's Handbook.
You pick up a Young Poisoner's Handbook and begin reading...
You add the spells Sting, Mercury Vapours and Olgreb's Toxic Radiance to your library.
The jackal bites you.
As you read the scroll of revelation, it crumbles to dust.
You feel aware of your surroundings.
A killer bee comes into view.
The jackal barely misses you. The jackal bites you.
A killer bee comes into view.
The jackal attacks as it pursues you! The jackal bites you.
The jackal closely misses you.
There is a stone staircase leading up here.
You can't go down here!
The jackal bites you. x2
You climb upwards.
Found an escape hatch in the ceiling.
Found a stone staircase leading up.
There is a stone staircase leading down here.
You closely miss the jackal. Your grab misses the jackal.
Your squeeze misses the jackal. The jackal misses you.
You closely miss the jackal. Your grab misses the jackal.
The jackal misses you. The jackal closely misses you.
You hit the jackal. Your grab misses the jackal.
You tentacle-slap the jackal, but do no damage.
The jackal is lightly wounded.
The jackal barely misses you. x2
You barely miss the jackal. You grab the jackal. You constrict the jackal.
The jackal barely misses you. The jackal bites you.
* * * LOW HITPOINT WARNING * * *
You hit the jackal.
You tentacle-slap the jackal, but do no damage.
You squeeze the jackal.
You kill the jackal!
Are you sure you want to abandon this character and quit the game? (Confirm with "yes".)

.......##
.........
<.......####
...........
........ .....#
####.#..<#.#
.......@†..#
...........#
.###....#......
#.....#....#
#..... .#..#
#.....# # .#
....... #
#####.#.


There were no monsters in sight!

Vanquished Creatures
  A jackal (D:4)
1 creature vanquished.

Notes
Turn   | Place    | Note
-------+----------+-------------------------------------------
     0 | D:5      | Esekla the Octopode Delver began the quest for the Orb.
     0 | D:5      | Reached XP level 1. HP: 16/16 MP: 1/1
     9 | D:5      | Noticed a killer bee
    15 | D:5      | Noticed a killer bee
    15 | D:5      | Noticed a killer bee
    25 | D:4      | Quit the game

Illustrated notes

Levels and vault maps discovered:
D:4:      layout_basic, chequers_temple_overflow_minitemple
D:5:      layout_loops_ring, uniq_pikel

Action                     || total
---------------------------++-------
  Melee: Falchion          ||     5
         Punch             ||     2
         Constrict         ||     1
         Tentacles         ||     1
    Use: Scroll            ||     1
 Armour: Skin              ||     6
  Dodge: Dodged            ||     8

Table legend: (Time is in decaauts)
 A = Elapsed time spent in this place.
 B = Non-inter-level travel time spent in this place.
 C = Inter-level travel time spent in this place.
 D = Time resting spent in this place.
 E = Time spent auto-exploring this place.
 F = Levels seen in this place.
 G = Mean time per level.
                   A        B        C        D        E       F      G
               +--------+--------+--------+--------+--------+-----+--------+
         Total |     25 |     25 |      0 |      0 |      0 |   2 |   12.5 |
       Dungeon |     25 |     25 |      0 |      0 |      0 |   2 |   12.5 |
               +--------+--------+--------+--------+--------+-----+--------+

Top non-repeatable levels by time:
     D:5: 19 daAuts
     D:4: 6 daAuts
